 Dungeon Crawl Stone Soup version 0.23.0-38-g208d714 (webtiles) character file.

Game seed: 12574986364852175703

348 Borgoz the Sneak (level 6, 0/30 HPs)
             Began as a Spriggan Enchanter on Feb 27, 2019.
             Killed from afar by an orc wizard (9 damage)
             ... with a puff of flame
             ... on level 2 of the Dungeon.
             The game lasted 00:06:57 (4917 turns).

Borgoz the Sneak (Spriggan Enchanter)               Turns: 4917, Time: 00:06:58

Health: 0/30       AC:  3    Str:  6    XL:     6   Next: 33%
Magic:  13/13      EV: 20    Int: 16    God:
Gold:   152        SH:  0    Dex: 17    Spells: 8/13 levels left

rFire    . . .     SeeInvis +   a - +1 dagger
rCold    . . .     Gourm    .   (shield restricted)
rNeg     . . .     Faith    .   b - +1 robe
rPois    .         Spirit   .   (helmet restricted)
rElec    .         Reflect  .   (no cloak)
rCorr    .         Harm     .   (gloves unavailable)
MR       +....                  (boots unavailable)
Stlth    +++.......             (no amulet)
HPRegen  0.10/turn              (no ring)
MPRegen  0.13/turn              (no ring)

@: very quick
A: very small, unfitting armour, see invisible, herbivore, speed 3, slow
metabolism 2
a: no special abilities


You were on level 2 of the Dungeon.
You were not hungry.

You visited 1 branch of the dungeon, and saw 3 of its levels.

You collected 152 gold pieces.

Inventory:

Hand Weapons
 a - a +1 dagger (weapon)
Armour
 b - a +1 robe (worn)
Scrolls
 e - a scroll of amnesia
 f - a scroll of random uselessness {unknown}
 g - a scroll of teleportation
 k - a scroll of blinking {unknown}
 l - a scroll of noise {unknown}
Potions
 h - a potion of flight
 i - a potion of might
 j - a potion of degeneration {unknown}
 n - a potion of brilliance {unknown}
Comestibles
 d - a ration


   Skills:
 + Level 1.8 Fighting
 + Level 2.8 Short Blades
 + Level 4.7 Dodging
 + Level 6.0 Stealth
 + Level 4.1 Spellcasting
 + Level 4.9 Hexes


You had 8 spell levels left.
You knew the following spells:

 Your Spells              Type           Power        Failure   Level  Hunger
a - Confuse               Hex            ###.....     7%          3    ###....
b - Ensorcelled Hibernat  Hex/Ice        ##....       9%          2    ##.....

Your spell library contained the following spells:

 Spells                   Type           Power        Failure   Level  Hunger
 Corona                   Hex            ###....      2%          1    None
 Tukima's Dance           Hex            ###.....     7%          3    ###....
 Dazzling Spray           Conj/Hex       ##....       19%         3    ###....


Dungeon Overview and Level Annotations

Branches:
Dungeon (3/15)

Altars:
Sif Muna


Innate Abilities, Weirdness & Mutations

You are very small and have problems with some larger weapons.
You are too small for most types of armour.
You have supernaturally acute eyesight. (SInv)
You are a herbivore.
You cover ground extremely quickly.
You need to consume almost no food.


Message History

You hit the orc but do no damage. The orc misses you.
You hit the orc but do no damage. The orc hits you with a +0 hand axe.
You closely miss the orc. You hit the orc but do no damage.
The orc closely misses you.
You closely miss the orc. The orc completely misses you.
You hit the orc but do no damage. The orc closely misses you.
You completely miss the orc. You closely miss the orc.
The orc hits you with a +0 hand axe!
The orc wizard shouts!
You hit the orc but do no damage. The orc misses you.
You hit the orc but do no damage. The orc barely misses you.
The orc barely misses you. The orc wizard casts a spell at you.
The magic dart hits you!
* * * LOW HITPOINT WARNING * * *
You climb upwards.
There is a stone staircase leading down here.
The orc wizard casts a spell at you. The puff of flame hits you!
You die...

#.# #....######## #.#
#############.# #.#
#<..........).# #.#
#############.# #.# ###.#
#.# #<... #(# ###..
##.######################..
#......o>.@................
########o################.#
#.# #.# #.# ##.#
#.###############..#
#...................
#################... #...
##..


You could see an orc wizard and an orc.

Vanquished Creatures
  An ogre (D:3)
  A big kobold (D:2)
  A howler monkey (D:3)
  An orc priest (D:3)
  A worker ant (D:3)
  3 adders
  An ooze (D:2)
  3 worms
  2 dart slugs
  4 orcs (D:3)
  2 giant cockroaches
  5 goblins
  10 hobgoblins
  3 jackals (D:2)
  A ball python (D:3)
  8 bats
  5 frilled lizards
  4 kobolds
  6 rats
62 creatures vanquished.

Notes
Turn   | Place    | Note
-------+----------+-------------------------------------------
     0 | D:1      | Borgoz the Spriggan Enchanter began the quest for the Orb.
     0 | D:1      | Reached XP level 1. HP: 9/9 MP: 5/5
   608 | D:1      | Reached XP level 2. HP: 10/13 MP: 6/6
   680 | D:1      | Learned a level 2 spell: Ensorcelled Hibernation
  1316 | D:2      | Noticed a big kobold
  1347 | D:2      | Killed a big kobold
  1347 | D:2      | Reached skill level 1 in Fighting
  1347 | D:2      | Reached skill level 5 in Stealth
  1347 | D:2      | Reached XP level 3. HP: 7/18 MP: 2/8
  1347 | D:2      | Reached XP level 4. HP: 9/22 MP: 2/10
  1831 | D:2      | Learned a level 3 spell: Confuse
  2190 | D:2      | Found a deep blue altar of Sif Muna.
  2826 | D:3      | Reached XP level 5. HP: 19/25 MP: 2/11
  3767 | D:3      | Noticed an ogre
  3783 | D:3      | Killed an ogre
  3783 | D:3      | Reached XP level 6. HP: 13/30 MP: 9/13
  4381 | D:3      | Reached skill level 6 in Stealth
  4917 | D:2      | Killed from afar by an orc wizard

Skill      XL: |  1  2  3  4  5  6 |
---------------+-------------------+-----
Spellcasting   | 3 4 |  4.1
Fighting       | 1 |  1.8
Short Blades   | 2 |  2.8
Stealth        | 5 6 |  6.0
Hexes          | 4 |  4.9
Dodging        | 4 |  4.7

Action                   |  1- 3 |  4- 6 || total
-------------------------+-------+-------++-------
Melee: Dagger            |   110 |   278 ||   388
 Cast: Corona            |     4 |       ||     4
       Ensorcelled Hiber |     2 |    32 ||    34
       Confuse           |       |     3 ||     3
  Use: Scroll            |       |     7 ||     7
 Stab: Sleeping          |     4 |    18 ||    22
       Confused          |       |     2 ||     2
       Distracted        |       |     1 ||     1
  Eat: Ration            |       |     2 ||     2
Armor: Robe              |    16 |    25 ||    41
Dodge: Dodged            |    88 |   172 ||   260
